 Dungeon Crawl Stone Soup version 0.23.2-40-g277498a001 (webtiles) character file.

Game seed: 10767450735307485058

2379 Destructed3 the Slinger (level 9, -19/78 HPs)
             Began as a Red Draconian Gladiator on Oct 23, 2019.
             Was a Priest of Dithmenos.
             Demolished by a two-headed ogre
             ... wielding a +0 giant club
              (30 damage)
             ... on level 7 of the Dungeon.
             The game lasted 00:29:32 (6992 turns).

Destructed3 the Slinger (Red Draconian Gladiator)   Turns: 6992, Time: 00:29:33

Health: -19/78     AC:  9    Str: 16    XL:     9   Next: 22%
Magic:  9/9        EV: 14    Int: 11    God:    Dithmenos [***...]
Gold:   514        SH:  0    Dex: 14    Spells: 8/8 levels left

rFire    + . .     SeeInvis .   i - +4 hunting sling (flame)
rCold    . . .     Gourm    .   (no shield)
rNeg     . . .     Faith    .   (armour unavailable)
rPois    .         Spirit   .   b - +0 hat
rElec    .         Reflect  .   y - +0 cloak
rCorr    .         Harm     .   J - +0 pair of gloves
MR       .....                  (no boots)
Stlth    +++.......             (no amulet)
HPRegen  0.23/turn              (no ring)
MPRegen  0.11/turn              (no ring)

@: wreathed by umbra
A: breathe fire, unfitting armour, fire resistance 1, cold-blooded, AC +7
a: Breathe Fire, Shadow Step, Renounce Religion


You were on level 7 of the Dungeon.
You worshipped Dithmenos.
Dithmenos was most pleased with you.
You were not hungry.

You visited 1 branch of the dungeon, and saw 9 of its levels.

You collected 514 gold pieces.

Inventory:

Hand Weapons
 a - a +0 trident
 i - a +4 hunting sling of flaming (weapon)
 w - a +0 long sword of electrocution
 z - a +0 dagger
 M - a +0 spear
Missiles
 c - 4 throwing nets
 j - 93 stones (quivered)
 m - 4 needles of confusion
 u - 77 sling bullets
Armour
 b - a +0 hat (worn)
 y - a +0 cloak (worn)
 C - a +0 shield
 J - a +0 pair of gloves (worn)
Jewellery
 e - an uncursed amulet of rage
 B - an uncursed ring of flight
 H - an uncursed amulet of harm
 L - a +2 ring of evasion {unknown}
Wands
 v - a wand of disintegration (16)
 D - a wand of digging (6)
Scrolls
 k - 5 scrolls of teleportation
 l - a scroll of fear
 p - 2 scrolls of amnesia
 q - 3 scrolls of remove curse
 x - 2 scrolls of immolation
 F - a scroll of magic mapping {unknown}
 I - a scroll of enchant weapon {unknown}
Potions
 f - 4 potions of flight
 g - a potion of curing {unknown}
 h - a potion of invisibility
 n - 3 potions of agility {unknown}
 o - a potion of magic {unknown}
 r - a potion of might {unknown}
 s - a potion of haste {unknown}
 t - 2 potions of mutation {unknown}
 A - 2 potions of heal wounds {unknown}
 E - a potion of degeneration {unknown}
 G - a potion of brilliance {unknown}
 N - a potion of berserk rage {unknown}
Comestibles
 d - 9 rations


   Skills:
 + Level 6.6 Fighting
 - Level 3.0 Polearms
 + Level 8.9(9.0) Slings
 - Level 1.7(5.9) Throwing
 + Level 4.6 Dodging
 + Level 2.5 Stealth


You had 8 spell levels left.
You didn't know any spells.
Your spell library contained the following spells:

 Spells                   Type           Power        Failure   Level  Hunger
 Animate Skeleton         Necr           N/A          34%         1    ##.....
 Beastly Appendage        Tmut           #.....       34%         1    ##.....
 Pain                     Necr           #...         34%         1    ##.....
 Sandblast                Erth           #.....       34%         1    ##.....
 Passwall                 Tmut/Erth      #.......     47%         2    ###....
 Sticks to Snakes         Tmut           #.......     47%         2    ###....
 Regeneration             Chrm/Necr      #.........   71%         3    ####...
 Spider Form              Tmut/Pois      #.........   71%         3    ####...
 Stone Arrow              Conj/Erth      #.....       71%         3    ####...
 Vampiric Draining        Necr           #.........   71%         3    ####...
 Animate Dead             Necr           N/A          98%         4    #####..
 Ice Form                 Ice/Tmut       #.......     98%         4    #####..
 Petrify                  Tmut/Erth      #.......     98%         4    #####..
 Blade Hands              Tmut           #.........   100%        5    ######.
 Lee's Rapid Deconstruct  Erth           #.........   100%        5    ######.


Dungeon Overview and Level Annotations

Branches:
Dungeon (9/15)             Temple (0/1) D:7
   Lair: D:8-11         Orc: D:9-12

Altars:
Cheibriados
Dithmenos
Hepliaklqana
Nemelex Xobeh
Okawaru
Qazlal
Trog
Vehumet
Wu Jian
Xom
Yredelemnul
The Shining One
Beogh

Shops:
D:4 :   D:5 (


Innate Abilities, Weirdness & Mutations

You can breathe blasts of fire.
Your fiery red scales are hard. (AC +7)
You cannot fit into any form of body armour.
Your flesh is heat resistant. (rF+)
You are cold-blooded and may be slowed by cold attacks.


Message History

Press: ? - help, Shift-Dir - straight line, f/p - two-headed ogre
Aim: a two-headed ogre, wielding two +0 giant clubs (moderately wounded, fleeing, umbra)
You shoot a stone. The stone hits the two-headed ogre.
The stone burns the two-headed ogre.
Your attack snaps the two-headed ogre out of its fear.
The two-headed ogre is moderately wounded.
Firing (i - inventory. (/) - cycle)
j - 95 stones (quivered)
Press: ? - help, Shift-Dir - straight line, f/p - two-headed ogre
Aim: a two-headed ogre, wielding two +0 giant clubs (moderately wounded, umbra)
You shoot a stone. The stone hits the two-headed ogre.
The stone burns the two-headed ogre.
The two-headed ogre is heavily wounded.
Firing (i - inventory. (/) - cycle)
j - 94 stones (quivered)
Press: ? - help, Shift-Dir - straight line, f/p - two-headed ogre
Aim: a two-headed ogre, wielding two +0 giant clubs (heavily wounded, umbra)
You shoot a stone. The stone hits the two-headed ogre.
The stone burns the two-headed ogre.
The two-headed ogre is heavily wounded.
The two-headed ogre hits you with a +0 giant club!!
You die...

...........'.....#...#
...........#.....#...#
.....##...##'#####...#
8.8..#######.##.##...#
⌠.⌠...#.[....#......(#
......#......#.......#
>.....#......#....(..#
......#......#...O...#
......#......#..@....#
......#......'.......#
......+......#.......#
#)#####.##...##.##...#
...####.##...##.######
....)................#
.....)...............#
........)...)........#
.....................#


You could see a two-headed ogre.

Vanquished Creatures
  A hippogriff (D:7)
  An orc warrior (D:7)
  3 sky beasts
  A necrophage (D:7)
  3 centaurs
  2 big kobolds (D:6)
  3 bullfrogs
  A scorpion (D:6)
  A crimson imp (D:5)
  3 jellies
  2 orc priests
  3 hounds
  5 orc wizards
  Crazy Yiuf (D:3)
  A centaur skeleton (D:5)
  A gnoll shaman (D:5)
  Natasha (thrice) (D:3)
  2 iguanas
  8 worker ants
  A hound skeleton (D:6)
  A worker ant zombie (D:6)
  5 adders
  12 gnolls
  2 oozes
  An adder zombie (D:8)
  An adder skeleton (D:6)
  6 worms
  4 leopard geckos
  17 orcs
  3 giant cockroaches
  10 goblins
  5 hobgoblins
  10 jackals
  6 kobolds
  6 quokkas
  2 ball pythons (D:2)
  3 bats
  6 frilled lizards
  A giant cockroach zombie (D:6)
  A quokka skeleton (D:8)
  3 rats
151 creatures vanquished.

Notes
Turn   | Place    | Note
-------+----------+-------------------------------------------
     0 | D:1      | Destructed3 the Draconian Gladiator began the quest for the
                  | Orb.
     0 | D:1      | Reached XP level 1. HP: 17/17 MP: 1/1
   147 | D:1      | Reached XP level 2. HP: 23/25 MP: 2/2
   928 | D:2      | Reached XP level 3. HP: 26/30 MP: 3/3
   963 | D:2      | Found a shadowy altar of Dithmenos.
   973 | D:2      | Became a worshipper of Dithmenos the Shadowed
  1013 | D:2      | Reached XP level 4. HP: 34/37 MP: 4/4
  1378 | D:2      | Reached skill level 1 in Slings
  1427 | D:2      | Found a hazy altar of Hepliaklqana.
  1428 | D:2      | Found a shimmering altar of Xom.
  1428 | D:2      | Noticed a wyvern
  1429 | D:2      | Noticed a wyvern
  1429 | D:2      | Noticed a spectral ugly thing
  1722 | D:2      | Reached skill level 1 in Stealth
  1890 | D:3      | Noticed Natasha
  1893 | D:3      | Killed Natasha
  1945 | D:3      | Reached XP level 5. HP: 45/45 MP: 5/5
  1987 | D:3      | Found a roughly hewn altar of Beogh.
  1990 | D:3      | Reached * piety under Dithmenos
  1998 | D:3      | Reached skill level 2 in Slings
  2295 | D:3      | Noticed Natasha
  2306 | D:3      | Killed Natasha
  2853 | D:3      | Noticed Natasha
  2856 | D:3      | Killed Natasha
  2856 | D:3      | Reached skill level 3 in Slings
  2877 | D:3      | Found an iron altar of Okawaru.
  2880 | D:3      | Found a bloodstained altar of Trog.
  3037 | D:3      | Found a runed translucent door.
  3038 | D:3      | Noticed Crazy Yiuf
  3045 | D:3      | Killed Crazy Yiuf
  3045 | D:3      | Reached XP level 6. HP: 43/51 MP: 6/6
  3324 | D:4      | Found a glowing golden altar of the Shining One.
  3474 | D:4      | Found Xyinecig's Book Boutique.
  4010 | D:5      | Entered Level 5 of the Dungeon
  4024 | D:5      | Reached skill level 4 in Slings
  4032 | D:5      | Found an ornate altar of the Wu Jian Council.
  4089 | D:5      | Your scales start taking on a fiery red colour.
  4089 | D:5      | Reached XP level 7. HP: 38/59 MP: 7/7
  4089 | D:5      | Gained mutation: Your flesh is heat resistant. (rF+) [Red
                  | Draconian growth]
  4094 | D:5      | Reached ** piety under Dithmenos
  4208 | D:5      | Found a sparkling altar of Nemelex Xobeh.
  4471 | D:5      | Reached skill level 5 in Slings
  4592 | D:5      | Found a snail-covered altar of Cheibriados.
  4745 | D:5      | Found a radiant altar of Vehumet.
  4815 | D:5      | Found Qigemepn's Antique Weapon Boutique.
  4980 | D:6      | Found a basalt altar of Yredelemnul.
  4986 | D:6      | Reached skill level 6 in Slings
  5173 | D:6      | Reached XP level 8. HP: 67/67 MP: 8/8
  5572 | D:6      | Reached skill level 7 in Slings
  5703 | D:7      | Reached skill level 5 in Fighting
  5883 | D:7      | Found a stormy altar of Qazlal.
  5991 | D:7      | Reached skill level 8 in Slings
  6029 | D:7      | Found a staircase to the Ecumenical Temple.
  6050 | D:7      | Noticed a hippogriff
  6053 | D:7      | Reached *** piety under Dithmenos
  6072 | D:7      | Killed a hippogriff
  6072 | D:7      | Reached XP level 9. HP: 41/75 MP: 9/9
  6759 | D:8      | Found an ornate altar of the Wu Jian Council.
  6924 | D:9      | Noticed a two-headed ogre
  6992 | D:7      | Demolished by a two-headed ogre

Skill      XL: |  1  2  3  4  5  6  7  8 |
---------------+-------------------------+-----
Dodging        | 3 4 |  4.6
Slings         | 1 3 4 6 8 |  8.9
Stealth        | 1 2 |  2.5
Fighting       | 3 4 6 |  6.6
Polearms       | |  3.0
Throwing       | |  1.7

Action                   |  1- 3 |  4- 6 |  7- 9 || total
-------------------------+-------+-------+-------++-------
Melee: Trident           |    44 |    66 |    19 ||   129
       Tailslap          |     8 |     3 |     3 ||    14
 Fire: Hunting sling     |    15 |   116 |   263 ||   394
  Use: Scroll            |       |     8 |     5 ||    13
 Stab: Sleeping          |     2 |       |       ||     2
  Eat: Chunk             |       |     5 |     4 ||     9
       Ration            |       |     1 |     2 ||     3
Armor: Skin              |     4 |    16 |    16 ||    36
Dodge: Dodged            |    21 |    73 |    96 ||   190
